 Dungeon Crawl Stone Soup version 0.28.0-49-g6dfe1f597d (webtiles) character file.

Game seed: 1182662567319446552

2207 Exodus22XD the Poker (level 9, -1/72 HPs)
             Began as a Demonspawn Gladiator on May 15, 2022.
             Was a Believer of Uskayaw.
             Slain by a troll (8 damage)
             ... on level 6 of the Dungeon.
             The game lasted 00:09:35 (6877 turns).

Exodus22XD the Poker (Demonspawn Gladiator)         Turns: 6877, Time: 00:09:35

Health: -1/72      AC: 17    Str: 25    XL:     9   Next: 13%
Magic:  9/9        EV: 11    Int:  5    God:    Uskayaw [**....]
Gold:   233        SH:  4    Dex: 23    Spells: 8/8 levels left

rFire   . . .      SeeInvis .   a - +0 trident
rCold   . . .      Faith    .   (no shield)
rNeg    + . .      Spirit   .   s - +4 chain mail {rPois}
rPois   +          Reflect  .   (helmet restricted)
rElec   +          Harm     .   (no cloak)
rCorr   .          Rampage  .   (no gloves)
Will    .....                   t - +0 pair of boots
Stlth   ..........              (no amulet)
HPRegen 0.22/turn               p - ring "Huaniaxa" {rElec Str+6 Int-4 Dex+8}
MPRegen 0.11/turn               b - ring of positive energy

@: invisible
A: antennae 1, rugged brown scales 3, condensation shield
a: Renounce Religion, Stomp, Line Pass


You were on level 6 of the Dungeon.
You worshipped Uskayaw.
Uskayaw was noncommittal.
You visited 2 branches of the dungeon, and saw 7 of its levels.
You also visited: Ossuary.

You collected 233 gold pieces.

Inventory:

Hand Weapons
 a - a +0 trident (weapon)
Missiles
 d - 3 throwing nets (quivered)
Armour
 c - a +0 helmet
 s - a +4 chain mail of poison resistance (worn)
 t - a +0 pair of boots (worn)
Jewellery
 b - a ring of positive energy (right hand)
 p - the ring "Huaniaxa" (left hand) {rElec Str+6 Int-4 Dex+8}
   (You found it on level 2 of the Dungeon)

   [ring of strength]

   Str:       It affects your strength (+6).
   Int:       It affects your intelligence (-4).
   Dex:       It affects your dexterity (+8).
   rElec:     It insulates you from electricity.
 y - a ring of fire
Wands
 j - a wand of acid (2)
 r - a wand of digging (13)
Scrolls
 e - 3 scrolls of immolation
 h - a scroll of torment {unknown}
 l - a scroll of brand weapon
 m - a scroll of enchant weapon {unknown}
 n - 2 scrolls of teleportation {unknown}
 v - a scroll of magic mapping
 w - 2 scrolls of amnesia {unknown}
 A - 2 scrolls of identify
Potions
 f - 3 potions of curing {unknown}
 i - 2 potions of brilliance
 k - 2 potions of heal wounds
 o - a potion of lignification {unknown}
 q - a potion of attraction {unknown}
 u - 3 potions of degeneration {unknown}
 x - a potion of flight {unknown}
 z - a potion of magic {unknown}


   Skills:
 + Level 5.0 Fighting
 + Level 7.8 Polearms
 + Level 1.8 Throwing
 + Level 4.6 Armour
 + Level 4.6 Dodging
 + Level 2.8 Stealth
 + Level 1.7 Shields


You had 8 spell levels left.
You didn't know any spells.
Your spell library contained the following spells:

 Spells                   Type           Power      Damage    Failure   Level
 Animate Skeleton         Necr           0%         N/A       98%         1
 Beastly Appendage        Tmut           0%         N/A       98%         1
 Pain                     Necr           0%         1d4       98%         1
 Wereblood                Tmut           0%         N/A       99%         2
 Spider Form              Tmut/Pois      0%         N/A       100%        3
 Vampiric Draining        Necr           0%         2d6       100%        3


Dungeon Overview and Level Annotations

Branches:
Dungeon (6/15)             Temple (1/1) D:6         Ossuary (visited)

Altars:
Ashenzari
Cheibriados
Dithmenos
Elyvilon
Fedhas
Gozag
Hepliaklqana
Kikubaaqudgha
Makhleb
Nemelex Xobeh
Qazlal
Ru
Sif Muna
Trog
Uskayaw
Vehumet
Xom
Zin
The Shining One
Beogh

Annotations:
D:3 1 runed translucent door, Crazy Yiuf
D:4 3 runed translucent doors, Quickbrownfox's ghost, amateur DsIE


Innate Abilities, Weirdness & Mutations

You have a pair of small antennae on your head.
You are completely covered in rugged brown scales. (AC +3, +7% HP)
A meltable shield of frost defends you. (SH +4)


Message History

The troll is lightly wounded.
The troll barely misses you. The troll claws you.
The troll claws you but does no damage.
You catch the helpless troll completely off-guard!
You puncture the troll!
The troll is moderately wounded.
The troll misses you. The troll closely misses you.
The troll claws you but does no damage.
You puncture the troll!
The troll is severely wounded.
The troll misses you. The troll barely misses you. x2
You can now pass through a line of other dancers.
You catch the helpless troll completely off-guard!
You hit the troll.
The troll is almost dead.
The troll completely misses you.
The troll claws you but does no damage. x2
You catch the helpless troll completely off-guard!
You hit the troll but do no damage.
The troll is almost dead.
The troll bites you but does no damage. The troll claws you!
* * * LOW HITPOINT WARNING * * *
You block the troll's attack.
You barely miss the troll.
The troll is severely wounded.
The troll bites you but does no damage. You block the troll's attack.
The troll claws you!
* * * LOW HITPOINT WARNING * * *
You hit the troll but do no damage.
The troll is severely wounded.
You hit the troll but do no damage.
The troll is severely wounded.
You block the troll's attack.
The troll claws you but does no damage. x2
You puncture the troll! You punch the troll, but do no damage.
The troll is almost dead.
The troll bites you but does no damage. The troll barely misses you. x2
You hit the troll.
The troll is almost dead.
The troll completely misses you. The troll claws you but does no damage.
The troll claws you!
You die...

#..............
#..##.###..####
#..##..#..>....
#######..###.#######.
#........#...#.#.....
#........#...........
#......#.#..##.......
#..T...#.#...........
#...@..+.##.#.#...#..
#......#.##.#........
#......####.####.....
#......'.##....'.....
#......#.#######....#
####+####.#.........##
#......##.#.........+.
#......'..#.........##
#......####.........#


You could see a troll.

Vanquished Creatures
  Maggie (D:6)
  Grinder (D:3)
  Sigmund (D:2)
  4 vampire mosquitoes (D:6)
  Menkaure (D:5)
  An ice beast (D:4)
  A black bear (D:5)
  A sky beast (D:5)
  A bullfrog (D:6)
  A howler monkey (D:5)
  A centaur zombie (Ossuary)
  A jelly (D:6)
  A hound (D:4)
  A human zombie (Ossuary)
  Ijyb (D:3)
  2 orc wizards (D:5)
  Natasha (D:2)
  An iguana (D:6)
  A hound skeleton (D:4)
  2 mummies (Ossuary)
  A howler monkey skeleton (D:3)
  11 adders
  5 adder zombies (Ossuary)
  2 worms (D:3)
  4 dart slugs
  9 orcs
  3 ball pythons
  6 bats
  9 endoplasms
  7 giant cockroaches
  6 hobgoblins
  3 jackals
  3 frilled lizards
  14 goblins
  2 goblin zombies
  8 hobgoblin zombies (Ossuary)
  A jackal zombie (Ossuary)
  6 kobolds
  13 kobold zombies (Ossuary)
  5 orc zombies (Ossuary)
  6 rats
  A rat zombie (Ossuary)
150 creatures vanquished.

Notes
Turn   | Place    | Note
-------+----------+-------------------------------------------
     0 | D:1      | Exodus22XD the Demonspawn Gladiator began the quest for the
                  | Orb.
     0 | D:1      | Reached XP level 1. HP: 16/16 MP: 1/1
   361 | D:1      | Gained mutation: You are partially covered in rugged brown
                  | scales. (AC +1, +3% HP) [demonic ancestry]
   361 | D:1      | Reached XP level 2. HP: 5/22 MP: 2/2
   824 | D:1      | Reached skill level 1 in Armour
   833 | D:1      | Reached skill level 3 in Polearms
  1003 | D:1      | Gained mutation: You are mostly covered in rugged brown
                  | scales. (AC +2, +5% HP) [demonic ancestry]
  1003 | D:1      | Reached XP level 3. HP: 22/28 MP: 3/3
  1408 | D:1      | Found a faded altar of an unknown god.
  2296 | D:2      | Noticed Sigmund
  2297 | D:2      | Noticed Natasha
  2299 | D:2      | Identified the ring "Huaniaxa" {rElec Str+6 Int-4 Dex+8}
  2315 | D:2      | Killed Sigmund
  2316 | D:2      | Reached skill level 1 in Stealth
  2316 | D:2      | Reached XP level 4. HP: 20/35 MP: 4/4
  2316 | D:2      | Gained mutation: A meltable shield of frost defends you.
                  | (SH +4) [demonic ancestry]
  2316 | D:2      | Reached XP level 5. HP: 23/40 MP: 5/5
  2321 | D:2      | Killed Natasha
  2322 | D:2      | Reached skill level 4 in Polearms
  2584 | D:3      | Noticed Grinder
  2592 | D:3      | Killed Grinder
  2593 | D:3      | Gained mutation: You are completely covered in rugged brown
                  | scales. (AC +3, +7% HP) [demonic ancestry]
  2593 | D:3      | Reached XP level 6. HP: 32/49 MP: 6/6
  2796 | D:3      | Noticed Ijyb
  2811 | D:3      | Killed Ijyb
  2945 | D:3      | Reached XP level 7. HP: 54/54 MP: 7/7
  3421 | D:3      | Found a runed translucent door.
  3422 | D:3      | Noticed Crazy Yiuf
  3614 | D:4      | Found a radiant altar of Vehumet.
  3659 | D:4      | Reached skill level 5 in Polearms
  3692 | D:4      | Found a shimmering blue altar of Sif Muna.
  3692 | D:4      | Found a blossoming altar of Fedhas.
  3701 | D:4      | Found an opulent altar of Gozag.
  3707 | D:4      | Found a sparkling altar of Nemelex Xobeh.
  3825 | D:4      | Found a sand-covered staircase.
  3834 | Ossuary  | Entered an ossuary
  4457 | D:4      | Found a runed translucent gate.
  4457 | D:4      | Identified the +1 chain mail "Belauchi" {Rampage rN+ Int+3
                  | Dex-5}
  4458 | D:4      | Found a runed translucent gate.
  4458 | D:4      | Noticed Quickbrownfox's ghost (amateur DsIE)
  4459 | D:4      | Found a runed translucent gate.
  4565 | D:4      | Found a broken altar of Ashenzari.
  4799 | D:4      | Found a shadowy altar of Dithmenos.
  5062 | D:5      | Entered Level 5 of the Dungeon
  5134 | D:5      | Noticed Menkaure
  5141 | D:5      | Killed Menkaure
  5142 | D:5      | Reached skill level 6 in Polearms
  5142 | D:5      | Reached skill level 1 in Shields
  5142 | D:5      | Gained mutation: You have a pair of small antennae on your
                  | head. [demonic ancestry]
  5142 | D:5      | Reached XP level 8. HP: 64/64 MP: 8/8
  5854 | D:6      | Noticed Maggie
  5892 | D:6      | Killed Maggie
  5893 | D:6      | Reached skill level 7 in Polearms
  6224 | D:6      | Found a staircase to the Ecumenical Temple.
  6253 | D:6      | Reached XP level 9. HP: 32/71 MP: 9/9
  6261 | D:6      | Reached skill level 5 in Fighting
  6270 | Temple   | Entered the Ecumenical Temple
  6657 | Temple   | Became a worshipper of Uskayaw the Reveller
  6827 | D:6      | Noticed a troll
  6838 | D:6      | Reached * piety under Uskayaw
  6852 | D:6      | Reached ** piety under Uskayaw
  6877 | D:6      | Slain by a troll

Illustrated notes

Levels and vault maps discovered:
D:1:      psy_arrival_statuary, layout_basic,
          hellmonk_ecumenical_altar_crossroads, minmay_cupped
D:2:      layout_loops_cross, uniq_natasha, uniq_sigmund
D:3:      layout_loops_ring, st_stairs_4, minmay_distorted, uniq_grinder,
          uniq_crazy_yiuf_cottage, uniq_ijyb
D:4:      layout_loops_ring, mainiacjoe_overflow_alcove_2,
          mainiacjoe_overflow_catwalk_spiral,
          chequers_temple_overflow_minitemple, biasface_ghost_orc_armoury,
          enter_ossuary_3
D:5:      layout_cave_pods, lemuel_tele_altar, elyvilon_altar_3, uniq_menkaure
D:6:      layout_basic, minmay_temple_entry_wispy, hangedman_decor_push,
          uniq_maggie
Temple:   dpeg_chambers_temple

Skill      XL: |  1  2  3  4  5  6  7  8  9 |
---------------+----------------------------+-----
Dodging        | 3 4 |  4.6
Armour         | 1 2 3 4 |  4.6
Polearms       | 3 4 6 7 |  7.8
Stealth        | 1 2 |  2.8
Fighting       | 4 5 |  5.0
Shields        | 1 |  1.7
Throwing       | |  1.8

Action                   |  1- 3 |  4- 6 |  7- 9 || total
-------------------------+-------+-------+-------++-------
Melee: Trident           |   139 |    78 |   423 ||   640
       Punch             |     3 |     2 |     6 ||    11
  Use: Scroll            |       |       |     9 ||     9
       Potion            |       |       |     4 ||     4
 Stab: Sleeping          |     4 |     4 |       ||     8
       Invisible         |       |       |     4 ||     4
Armor: Leather armour    |    33 |    10 |       ||    43
       Chain mail        |       |       |   260 ||   260
Dodge: Dodged            |    92 |    32 |   228 ||   352
Block: Other             |       |     9 |    67 ||    76
